[Event "Titled Tuesday Blitz June 13 Early 2023"]
[White "Torres Hernandez, Leslie Carolin"]
[Black "Palencia Morales, Wilson Guillermo"]
[WhiteFideId "8400504"]
[BlackFideId "4401859"]
[WhiteElo "1920"]
[BlackElo "2144"]
[Result "0-1"]
[Round "9"]
[TimeControl "180+2"]
[Date "2023.06.13"]
[WhiteClock "0:00:20"]
[BlackClock "0:00:39"]
[Board "95"]

1. e4 c5 2. Nf3 d6 3. Bb5+ Nd7 4. a4 g6 5. a5 Bg7 6. O-O Nf6 7. Nc3 O-O 8. Re1 a6 9. Bf1 b5 10. axb6 Bb7 11. d3 Nxb6 12. Qd2 h6 13. Qf4 Nh5 14. Qh4 e5 15. Qxd8 Raxd8 16. Ra5 f5 17. Nd2 Nf4 18. g3 Ne6 19. exf5 gxf5 20. Bg2 Bc8 21. Nd5 Nxd5 22. Bxd5 Kh8 23. c3 Nc7 24. Bc6 Rf6 25. Nc4 e4 26. dxe4 fxe4 27. Bf4 Ne6 28. Nxd6 Nxf4 29. Nxc8 Rxc8 30. Bxe4 Nh3+ 31. Kg2 Nxf2 32. Bb7 Rb8 33. Re7 Ng4 34. Rxc5 Bf8 0-1


[Site "https://www.chess.com"]

[Event "Titled Tuesday Blitz June 13 Early 2023"]
[White "Garakov, Mikhael"]
[Black "sebastianmarinp"]
[WhiteFideId "4169034"]
[WhiteElo "2347"]
[BlackElo "2399"]
[Result "1-0"]
[Round "9"]
[TimeControl "180+2"]
[Date "2023.06.13"]
[WhiteClock "0:00:35"]
[BlackClock "0:00:00"]
[Board "96"]

1. e4 e5 2. Nf3 Nc6 3. Bb5 a6 4. Bxc6 dxc6 5. O-O f6 6. d4 exd4 7. Nxd4 Bd6 8. Qh5+ g6 9. Qh4 Bxh2+ 10. Qxh2 Qxd4 11. Qxc7 Ne7 12. Be3 Qd8 13. Qh2 O-O 14. Nc3 b5 15. Rad1 Qe8 16. Bc5 Be6 17. Rd6 Qf7 18. Rfd1 Rfe8 19. Qf4 Kg7 20. Bd4 Rac8 21. b4 Ng8 22. Ne2 Bc4 23. Ng3 Re6 24. Rd7 Qxd7 25. Bxf6+ Nxf6 26. Rxd7+ Nxd7 27. Qg4 Nf6 28. Nf5+ Kh8 29. Qg5 gxf5 30. exf5 Rd6 31. Qf4 Rcd8 32. g4 Nd5 33. Qe5+ Kg8 34. a3 R6d7 35. f6 Rf8 36. g5 1-0


[Site "https://www.chess.com"]

[Event "Titled Tuesday Blitz June 13 Early 2023"]
[White "Zavgorodniy, Sergiy"]
[Black "Hoffmann, Asa"]
[WhiteFideId "14110148"]
[BlackFideId "2001470"]
[WhiteElo "2402"]
[BlackElo "2117"]
[Result "0-1"]
[Round "9"]
[TimeControl "180+2"]
[Date "2023.06.13"]
[WhiteClock "0:02:27"]
[BlackClock "0:01:48"]
[Board "97"]

1. d4 Nf6 2. c4 c5 3. d5 e5 4. Nc3 d6 5. e4 Be7 6. h3 Nbd7 7. Bd3 Nf8 8. Nge2 Ng6 9. Be3 O-O 10. Qd2 a6 11. a4 b6 12. O-O Bd7 13. Kh2 h6 14. b3 Nh7 15. Rae1 Bg5 16. g3 Bxe3 17. Qxe3 Qg5 18. f4 exf4 19. gxf4 Qh5 20. Qg3 Rae8 21. Rg1 Qh4 22. Qxh4 Nxh4 23. Kg3 g5 24. Nd1 Nf6 25. Nf2 Nh5+ 26. Kh2 Nf3+ 27. Kg2 Nxe1+ 28. Rxe1 Nxf4+ 29. Nxf4 gxf4 30. Kf3 f5 31. Kxf4 fxe4+ 0-1


[Site "https://www.chess.com"]

[Event "Titled Tuesday Blitz June 13 Early 2023"]
[White "Liu, Casper"]
[Black "Slavin, Alexey"]
[WhiteFideId "1454153"]
[BlackFideId "24104388"]
[WhiteElo "2221"]
[BlackElo "2264"]
[Result "0-1"]
[Round "9"]
[TimeControl "180+2"]
[Date "2023.06.13"]
[WhiteClock "0:01:46"]
[BlackClock "0:00:29"]
[Board "98"]

1. e4 Nc6 2. Nc3 Nf6 3. Nf3 d6 4. Bc4 Bg4 5. d3 e5 6. Bg5 Be7 7. h3 Bh5 8. g4 Bg6 9. Nh4 Nxe4 10. Bxe7 Nxc3 11. Bxd8 Nxd1 12. Bxc7 Nxb2 13. Bxd6 Nxc4 14. dxc4 Bxc2 15. O-O O-O-O 16. Bc5 Bd3 17. Rfe1 f6 18. Ng2 Bxc4 19. Ne3 Be6 20. a4 Kb8 21. a5 Nd4 22. Reb1 Rc8 23. Bd6+ Ka8 24. Rb2 Rhd8 25. Ba3 Nb3 26. Rab1 Nxa5 27. Bb4 Nc6 28. Bc5 Rd7 29. Ra1 a6 30. Nc2 Rd2 31. Be3 Re2 32. Rab1 Na5 33. Rb6 Ba2 34. Rd1 Rexc2 35. Rd7 R2c7 36. Rd2 Nc4 37. Rxa2 Nxb6 38. Bxb6 Rc1+ 39. Kg2 R1c2 40. Ra3 Rb2 41. Ba5 Ka7 0-1


[Site "https://www.chess.com"]

[Event "Titled Tuesday Blitz June 13 Early 2023"]
[White "Golubev, Mikhail"]
[Black "Garrido, Denis"]
[WhiteFideId "14100983"]
[BlackFideId "601217"]
[WhiteElo "2374"]
[BlackElo "2357"]
[Result "1/2-1/2"]
[Round "9"]
[TimeControl "180+2"]
[Date "2023.06.13"]
[WhiteClock "0:00:34"]
[BlackClock "0:01:05"]
[Board "99"]

1. e4 e5 2. Nf3 Nc6 3. Nc3 Nf6 4. d4 exd4 5. Nxd4 Bb4 6. Nxc6 bxc6 7. Bd3 d5 8. exd5 O-O 9. O-O Bg4 10. f3 Bh5 11. dxc6 Qd4+ 12. Kh1 Bxc3 13. bxc3 Qxc3 14. Rb1 Qxc6 15. Bb2 Rad8 16. Qe1 Rfe8 17. Qc3 Qxc3 18. Bxc3 Nd5 19. Bd4 Nf4 20. Bxa7 Nxd3 21. cxd3 Rxd3 22. Rfe1 f6 23. Bc5 Rd5 24. Rxe8+ Bxe8 25. Rc1 Rd2 26. a3 Ba4 27. h3 Rd1+ 28. Rxd1 Bxd1 29. Kg1 Kf7 30. Kf2 Ke6 31. Ke3 Kd5 32. Bf8 g6 33. Bg7 f5 34. f4 Kc4 35. Bf8 Bc2 36. g3 Be4 37. h4 h5 38. Be7 Bd5 39. Bf8 Be4 40. Be7 Bd5 41. Bf8 Be4 1/2-1/2


[Site "https://www.chess.com"]

[Event "Titled Tuesday Blitz June 13 Early 2023"]
[White "Brunner, Nicolas"]
[Black "Bashkansky, Ethan"]
[WhiteFideId "620246"]
[BlackFideId "2071533"]
[WhiteElo "2319"]
[BlackElo "2340"]
[Result "1-0"]
[Round "9"]
[TimeControl "180+2"]
[Date "2023.06.13"]
[WhiteClock "0:00:43"]
[BlackClock "0:00:00"]
[Board "100"]

1. Nf3 f5 2. d3 d5 3. g3 Nf6 4. Bg2 c6 5. b3 e6 6. Bb2 Be7 7. O-O O-O 8. Nbd2 Bd7 9. c4 Be8 10. e4 Bh5 11. e5 Nfd7 12. Qc2 Bxf3 13. Nxf3 Qe8 14. d4 Na6 15. a3 Rc8 16. c5 g5 17. Ne1 Qg6 18. f4 Kh8 19. Nd3 Rg8 20. b4 Nc7 21. a4 a6 22. Bc1 gxf4 23. Nxf4 Qf7 24. Qe2 Rg4 25. Bf3 Rg7 26. Kh1 Rcg8 27. Be3 Nf8 28. Nh5 Rg6 29. Nf6 Bxf6 30. exf6 Nd7 31. Bf4 Nxf6 32. Be5 Rh6 33. Qe3 Rgg6 34. g4 fxg4 35. Bxg4 Rxg4 36. Qxh6 Rg6 37. Rxf6 Qxf6 38. Bxf6+ 1-0


[Site "https://www.chess.com"]

[Event "Titled Tuesday Blitz June 13 Early 2023"]
[White "Vifleemskaia, Svetlana"]
[Black "Manukian, Artak"]
[WhiteFideId "4129490"]
[BlackFideId "13301373"]
[WhiteElo "1930"]
[BlackElo "2130"]
[Result "0-1"]
[Round "9"]
[TimeControl "180+2"]
[Date "2023.06.13"]
[WhiteClock "0:00:00"]
[BlackClock "0:00:58"]
[Board "101"]

1. d4 d5 2. c4 dxc4 3. Nf3 Nf6 4. e3 e6 5. Bxc4 c5 6. O-O a6 7. a4 Nc6 8. Qe2 cxd4 9. Rd1 Be7 10. exd4 O-O 11. Nc3 Nb4 12. a5 Bd7 13. Bf4 Rc8 14. Ne5 Be8 15. h3 Nfd5 16. Nxd5 Nxd5 17. Bg3 Bb4 18. Bd3 Bxa5 19. Nc4 Bc7 20. Be5 Bb5 21. Qh5 g6 22. Qh6 Bxe5 23. dxe5 Bxc4 24. Ra4 b5 0-1


[Site "https://www.chess.com"]

[Event "Titled Tuesday Blitz June 13 Early 2023"]
[White "Ginzburg, Yakov"]
[Black "Afanasieva, Alexandra"]
[WhiteFideId "4157176"]
[BlackFideId "34126926"]
[WhiteElo "2305"]
[BlackElo "1736"]
[Result "0-1"]
[Round "9"]
[TimeControl "180+2"]
[Date "2023.06.13"]
[WhiteClock "0:00:05"]
[BlackClock "0:00:04"]
[Board "102"]

1. d4 Nf6 2. Nf3 b6 3. c4 e6 4. g3 Ba6 5. Nbd2 d5 6. Bg2 Bd6 7. O-O O-O 8. Qc2 Nbd7 9. Re1 Bb7 10. b3 Rc8 11. Bb2 c5 12. Rad1 Re8 13. Qb1 Qe7 14. e3 Nf8 15. Ne5 Ng6 16. f4 Bxe5 17. fxe5 Ng4 18. cxd5 exd5 19. h3 Nh6 20. Rf1 c4 21. bxc4 dxc4 22. Ne4 Bxe4 23. Qxe4 c3 24. Bc1 f6 25. e6 Kh8 26. d5 Qd6 27. Kh2 f5 28. Qd4 Ne5 29. e4 Rc4 30. Qf2 Neg4+ 31. hxg4 Nxg4+ 32. Kg1 Nxf2 33. Rxf2 c2 34. Rdf1 fxe4 35. Rf7 h6 36. Rd7 Qxg3 37. e7 Rcc8 38. d6 e3 39. Rf3 Qe1+ 40. Rf1 Qg3 41. Rf3 Qe1+ 42. Rf1 Qc3 43. Kh2 e2 44. Rf5 e1=Q 45. Bf4 Qh4+ 46. Kg1 Qce1+ 47. Bf1 Qhf2+ 48. Kh1 Qexf1# 0-1


[Site "https://www.chess.com"]

[Event "Titled Tuesday Blitz June 13 Early 2023"]
[White "Jaivardhan Raj"]
[Black "Rodchenkov, Sergey D."]
[WhiteFideId "25744437"]
[BlackFideId "4168712"]
[WhiteElo "1772"]
[BlackElo "2277"]
[Result "1-0"]
[Round "9"]
[TimeControl "180+2"]
[Date "2023.06.13"]
[WhiteClock "0:00:12"]
[BlackClock "0:00:55"]
[Board "103"]

1. e4 c5 2. Nf3 d6 3. d4 cxd4 4. Qxd4 Nc6 5. Qe3 Nf6 6. c4 g6 7. Nc3 Bg7 8. h3 O-O 9. Be2 Be6 10. O-O Nd7 11. Rb1 a5 12. Rd1 a4 13. Nd5 Nde5 14. Nxe5 Nxe5 15. b3 axb3 16. axb3 Ra2 17. Nb4 Bh6 18. Qxh6 Rxe2 19. Be3 Qa5 20. Nd5 Bxd5 21. exd5 Qa2 22. Bd4 Qc2 23. Rdc1 Qf5 24. Re1 Rc2 25. Rbc1 Ra2 26. f4 f6 27. fxe5 fxe5 28. Rf1 Rxg2+ 29. Kh1 Rf2 30. Rxf2 Qe4+ 31. Kg1 Qxd4 32. Qxf8# 1-0


[Site "https://www.chess.com"]

[Event "Titled Tuesday Blitz June 13 Early 2023"]
[White "Howell, David W L"]
[Black "KorolDimitriy75"]
[WhiteFideId "410608"]
[WhiteElo "2567"]
[BlackElo "2429"]
[Result "1-0"]
[Round "9"]
[TimeControl "180+2"]
[Date "2023.06.13"]
[WhiteClock "0:00:12"]
[BlackClock "0:00:00"]
[Board "104"]

1. b3 c5 2. Bb2 Nc6 3. e3 e5 4. c4 g6 5. Nc3 Bg7 6. g3 Nge7 7. Bg2 O-O 8. Nge2 d6 9. O-O f5 10. a3 Be6 11. Nd5 Qd7 12. d3 Rae8 13. b4 b6 14. Qa4 h6 15. Rfe1 Kh7 16. Nec3 g5 17. Nxe7 Nxe7 18. Qxd7 Bxd7 19. Rab1 Bc6 20. Nb5 Bxb5 21. cxb5 Rd8 22. Rec1 Rd7 23. a4 Rfd8 24. a5 cxb4 25. a6 d5 26. Ba1 Ng6 27. Rxb4 Bf8 28. Rb3 Bc5 29. d4 exd4 30. exd4 Bf8 31. Kf1 Bg7 32. Bb2 Ne7 33. Ke2 Kg6 34. Kd3 Kf7 35. Rbc3 Ng6 36. Ba3 Ne7 37. Rc7 Bf8 38. Rb7 Rxb7 39. axb7 Rb8 40. Rc7 Ke6 41. f4 g4 42. Bb4 h5 43. Ba3 Kf6 44. Bd6 Ke6 45. Be5 Ng6 46. Rc6+ Kd7 47. Bxb8 1-0


[Site "https://www.chess.com"]

[Event "Titled Tuesday Blitz June 13 Early 2023"]
[White "Hayrapetyan, Hovik"]
[Black "LeoLV10"]
[WhiteFideId "13302639"]
[WhiteElo "2348"]
[BlackElo "2426"]
[Result "1-0"]
[Round "9"]
[TimeControl "180+2"]
[Date "2023.06.13"]
[WhiteClock "0:00:45"]
[BlackClock "0:00:15"]
[Board "105"]

1. d4 Nf6 2. c4 e6 3. Nc3 Bb4 4. Nf3 O-O 5. Bg5 d5 6. e3 Nbd7 7. cxd5 exd5 8. Bd3 h6 9. Bh4 c5 10. O-O Qc7 11. dxc5 Bxc5 12. Rc1 Qd6 13. Nb5 Qb6 14. a3 a6 15. Nbd4 Re8 16. b4 Bd6 17. Qa4 Rb8 18. Rfd1 Qd8 19. Nf5 b5 20. Qc2 Bf8 21. Bg3 Bb7 22. Bxb8 Qxb8 23. Qc7 Qa8 24. Nd6 Bxd6 25. Qxd6 Nf8 26. Nd4 Bc8 27. Rc7 Be6 28. Rdc1 Qb8 29. Nc6 Qa8 30. Ra7 Qc8 31. Ne7+ Rxe7 32. Rxc8 Rxa7 33. Qxf8# 1-0


[Site "https://www.chess.com"]

[Event "Titled Tuesday Blitz June 13 Early 2023"]
[White "Orlov, Georgi"]
[Black "Petrova, Irina"]
[WhiteFideId "2011271"]
[BlackFideId "14124122"]
[WhiteElo "2613"]
[BlackElo "2084"]
[Result "1-0"]
[Round "9"]
[TimeControl "180+2"]
[Date "2023.06.13"]
[WhiteClock "0:01:59"]
[BlackClock "0:01:06"]
[Board "106"]

1. d4 d6 2. Nf3 g6 3. c4 Bg7 4. e4 Nc6 5. d5 Ne5 6. Nd4 c5 7. Nc2 Nf6 8. Nc3 O-O 9. f4 Ned7 10. Be2 a6 11. a4 Rb8 12. O-O b5 13. axb5 axb5 14. cxb5 c4 15. Be3 Nb6 16. Nb4 Bd7 17. Nc6 Bxc6 18. dxc6 d5 19. e5 Ne4 20. Nxe4 dxe4 21. Qxd8 Rbxd8 22. Bxb6 Rb8 23. Ra6 f6 24. Bxc4+ Kh8 25. c7 Ra8 26. Rxa8 Rxa8 27. Rd1 1-0


[Site "https://www.chess.com"]

[Event "Titled Tuesday Blitz June 13 Early 2023"]
[White "Grossboss19"]
[Black "Czerw, Dawid"]
[BlackFideId "1145746"]
[WhiteElo "2419"]
[BlackElo "2144"]
[Result "0-1"]
[Round "9"]
[TimeControl "180+2"]
[Date "2023.06.13"]
[WhiteClock "0:00:07"]
[BlackClock "0:00:29"]
[Board "107"]

1. Nf3 c5 2. e4 Nc6 3. Bb5 e6 4. O-O Nge7 5. c3 a6 6. Ba4 b5 7. Bc2 Bb7 8. a3 d5 9. exd5 Nxd5 10. d4 cxd4 11. Nxd4 Nxd4 12. Qxd4 Qb6 13. Qg4 g6 14. Nd2 Nf6 15. Qg5 Bg7 16. Nf3 Bxf3 17. gxf3 O-O 18. Be3 Qb7 19. Qg2 Rad8 20. Rad1 Rd7 21. Rxd7 Qxd7 22. Rd1 Qc7 23. Qg3 Qc4 24. Qd6 Nd5 25. Bd4 Bxd4 26. Rxd4 Qe2 27. Be4 Nf6 28. Qe5 Nh5 29. Qg5 Qxb2 30. Qd2 Qxa3 31. c4 Qa1+ 32. Kg2 Nf4+ 33. Kg3 e5 34. Qd1 Qxd4 35. Qxd4 Ne2+ 0-1


[Site "https://www.chess.com"]

[Event "Titled Tuesday Blitz June 13 Early 2023"]
[White "Skliarov, Viktor"]
[Black "Lopez Idarraga, Daniel Eduardo"]
[WhiteFideId "14106736"]
[BlackFideId "4405501"]
[WhiteElo "2317"]
[BlackElo "1980"]
[Result "1-0"]
[Round "9"]
[TimeControl "180+2"]
[Date "2023.06.13"]
[WhiteClock "0:00:19"]
[BlackClock "0:00:02"]
[Board "108"]

1. e4 c5 2. Nf3 Nc6 3. Bb5 e5 4. O-O d6 5. c3 Bd7 6. d4 cxd4 7. cxd4 Nf6 8. Nc3 Be7 9. dxe5 dxe5 10. Bxc6 Bxc6 11. Nxe5 Qxd1 12. Rxd1 Nxe4 13. Nxc6 Nxc3 14. bxc3 bxc6 15. Re1 Kd7 16. Bf4 Bf6 17. Rab1 c5 18. Rb7+ Kc6 19. Rxf7 Rac8 20. c4 Rhe8 21. Rxe8 Rxe8 22. g3 Re7 23. Rxe7 Bxe7 24. Be5 g5 25. Kg2 Bd6 26. Bxd6 Kxd6 27. f4 gxf4 28. gxf4 Ke6 29. Kf2 Kf5 30. Kf3 h6 31. h3 h5 32. h4 a6 33. a3 a5 34. a4 1-0


[Site "https://www.chess.com"]

[Event "Titled Tuesday Blitz June 13 Early 2023"]
[White "Girya, Olga"]
[Black "Gracia Alvarez, Gerardo Antonio"]
[WhiteFideId "4195752"]
[BlackFideId "5109124"]
[WhiteElo "2263"]
[BlackElo "2160"]
[Result "1/2-1/2"]
[Round "9"]
[TimeControl "180+2"]
[Date "2023.06.13"]
[WhiteClock "0:00:09"]
[BlackClock "0:00:08"]
[Board "109"]

1. d4 Nf6 2. Nf3 g6 3. Bg5 Bg7 4. Nbd2 O-O 5. c3 d6 6. e4 c5 7. dxc5 dxc5 8. Bc4 Nc6 9. O-O Qc7 10. h3 b6 11. Re1 h6 12. Be3 Nh5 13. Qc2 Nf4 14. a4 Bb7 15. Bf1 Rad8 16. Nc4 Bc8 17. Rad1 Kh7 18. Rxd8 Rxd8 19. Rd1 Rxd1 20. Qxd1 Be6 21. Qd2 Nh5 22. Qc1 Nf6 23. Nfd2 Qb7 24. f3 Qc7 25. Be2 Nh5 26. Nf1 g5 27. Na3 Be5 28. Bc4 Nd8 29. Bxe6 Nxe6 30. Nc4 Bf4 31. Qd2 Kg8 32. Qd5 Qd8 33. Qxd8+ Nxd8 34. Kf2 Nc6 35. g3 Bxe3+ 36. Nfxe3 e6 37. Ng4 Kg7 38. e5 Kg6 39. Nd6 Ng7 40. h4 gxh4 41. gxh4 h5 42. Ne3 Nxe5 43. Nc8 Nc6 44. Nd6 Kf6 45. Ne4+ Ke7 46. f4 f5 47. Ng5 Ne8 48. Nf3 Nf6 49. Ng2 Na5 50. Nd2 Nb7 51. Kf3 Nd6 52. Ne3 Nde4 53. Nef1 Nxd2+ 54. Nxd2 Nd5 55. Nf1 Kf6 56. Ng3 Kg6 57. Ne2 Ne7 58. Ng3 Nc6 59. Ne2 Na5 60. Nc1 Nc4 61. Nd3 Kf6 62. Ke2 e5 63. b3 e4 64. bxc4 exd3+ 65. Kxd3 Ke6 66. Kc2 Kd6 67. Kb3 Kc6 68. Ka3 a5 69. Kb3 Kd6 70. Kc2 Ke6 71. Kd3 Kf6 72. Ke3 Ke6 73. Kd3 Kd6 74. Ke3 Ke6 75. Kd3 1/2-1/2


[Site "https://www.chess.com"]

[Event "Titled Tuesday Blitz June 13 Early 2023"]
[White "Arencibia Monduy, Antonio"]
[Black "Topalov, Aleksandar"]
[WhiteFideId "3507939"]
[BlackFideId "925659"]
[WhiteElo "2552"]
[BlackElo "2151"]
[Result "1-0"]
[Round "9"]
[TimeControl "180+2"]
[Date "2023.06.13"]
[WhiteClock "0:00:04"]
[BlackClock "0:00:00"]
[Board "110"]

1. e4 e6 2. d4 d5 3. e5 Ne7 4. Nf3 Qd7 5. c3 b6 6. Nbd2 Ba6 7. Bxa6 Nxa6 8. O-O c5 9. c4 cxd4 10. Nxd4 Nc7 11. cxd5 Ncxd5 12. Ne4 Ng6 13. Re1 Be7 14. Nd6+ Bxd6 15. exd6 O-O 16. b3 Qxd6 17. Bb2 Rfd8 18. Rc1 Rac8 19. Rxc8 Rxc8 20. g3 a6 21. h4 Nf6 22. h5 Ne7 23. Qe2 b5 24. h6 Nfd5 25. hxg7 Ng6 26. Nf3 Nc3 27. Qc2 b4 28. a3 a5 29. axb4 axb4 30. Nh2 e5 31. Nf1 Rd8 32. Qf5 Kxg7 33. Ne3 Qf6 34. Qh3 Rd2 35. Ng4 Qf5 36. Bc1 Ne4 37. Bxd2 Nxd2 38. Qh6+ Kg8 39. Qxd2 Qxg4 40. Rc1 Kg7 41. Rc4 Qf3 42. Rxb4 1-0


[Site "https://www.chess.com"]

[Event "Titled Tuesday Blitz June 13 Early 2023"]
[White "Xie, Bryan"]
[Black "Shuvalov, Evgenij"]
[WhiteFideId "30941296"]
[BlackFideId "4187237"]
[WhiteElo "2033"]
[BlackElo "2080"]
[Result "0-1"]
[Round "9"]
[TimeControl "180+2"]
[Date "2023.06.13"]
[WhiteClock "0:00:02"]
[BlackClock "0:01:02"]
[Board "111"]

1. e4 e6 2. d4 d5 3. Nc3 Bb4 4. e5 c5 5. a3 Bxc3+ 6. bxc3 Ne7 7. Qg4 Qc7 8. Qxg7 Rg8 9. Qxh7 cxd4 10. Ne2 Nbc6 11. cxd4 Nxd4 12. Ra2 Bd7 13. Bd2 Ndf5 14. f4 O-O-O 15. Qxf7 Rh8 16. Nd4 Qb6 17. Nxf5 Nxf5 18. Bb4 a5 19. Be7 Qb1+ 20. Kd2 Nxe7 21. Qxe7 Qxa2 22. Bd3 Qb2 23. Qc5+ Kb8 24. Qxa5 Qd4 25. Rb1 Qxf4+ 26. Kd1 Bc6 27. Qb6 Rc8 28. a4 Rxh2 29. Ke2 Rxg2+ 0-1


[Site "https://www.chess.com"]

[Event "Titled Tuesday Blitz June 13 Early 2023"]
[White "Mamedov, Edgar"]
[Black "Mayaud, Raphael"]
[WhiteFideId "13739980"]
[BlackFideId "627151"]
[WhiteElo "2317"]
[BlackElo "2191"]
[Result "1-0"]
[Round "9"]
[TimeControl "180+2"]
[Date "2023.06.13"]
[WhiteClock "0:00:08"]
[BlackClock "0:00:00"]
[Board "112"]

1. e4 d5 2. exd5 Qxd5 3. Nc3 Qa5 4. Nf3 c6 5. Bc4 Nf6 6. O-O Bf5 7. d3 e6 8. Bg5 Bg4 9. Bh4 Qh5 10. Bxf6 Bxf3 11. Qxf3 Qxf3 12. gxf3 gxf6 13. Rae1 Nd7 14. f4 f5 15. Kg2 Bd6 16. Kf3 Ke7 17. Ne2 Rhg8 18. Nd4 Bc7 19. Nxf5+ Kf6 20. Ng3 Nb6 21. Bb3 Nd5 22. Re4 a5 23. a3 b5 24. c3 Rg6 25. Rg1 Rag8 26. d4 Ke7 27. Nf5+ Kd7 28. Rxg6 Rxg6 29. Ng3 Rf6 30. f5 exf5 31. Rh4 h6 32. Bxd5 cxd5 33. Ne2 b4 34. cxb4 axb4 35. a4 Kc6 36. b3 Kd6 37. Nf4 Kc6 38. Nd3 Bd6 39. Rh5 Kd7 40. Ne5+ Bxe5 41. dxe5 Rc6 42. Rxf5 Ke7 43. Kg2 Rc3 44. Rf3 Rc2 45. Re3 Ke6 46. Kf3 d4 47. Re1 Rc3+ 48. Ke4 d3 49. Rd1 Rxb3 50. Rxd3 Rb2 51. f4 Ra2 52. f5+ Ke7 53. f6+ Ke8 54. Rb3 Rxa4 55. Kf5 Kd7 56. h4 Ke8 57. e6 fxe6+ 58. Kg6 Ra6 59. Rxb4 e5 60. Kg7 1-0


[Site "https://www.chess.com"]

[Event "Titled Tuesday Blitz June 13 Early 2023"]
[White "Balla, Tamas-Kristof"]
[Black "Rian, Kapriaga"]
[WhiteFideId "1208497"]
[BlackFideId "7103263"]
[WhiteElo "2334"]
[BlackElo "2348"]
[Result "0-1"]
[Round "9"]
[TimeControl "180+2"]
[Date "2023.06.13"]
[WhiteClock "0:00:08"]
[BlackClock "0:00:22"]
[Board "113"]

1. e4 c6 2. d4 d5 3. exd5 cxd5 4. c4 Nf6 5. Nc3 Nc6 6. Bg5 e6 7. Nf3 Be7 8. cxd5 Nxd5 9. Bxe7 Ndxe7 10. Bd3 O-O 11. O-O Ng6 12. Be4 Nb4 13. Qb3 Nc6 14. Rad1 Qb6 15. Qc2 Bd7 16. Qe2 Rfe8 17. Rfe1 Rac8 18. Bb1 Nb4 19. a3 Nd5 20. Nxd5 exd5 21. Qd2 Bg4 22. Rxe8+ Rxe8 23. Qc3 Bxf3 24. Qxf3 Qxd4 25. h3 Qxb2 26. Qxd5 Qxa3 27. Qxb7 a5 28. Be4 Qb4 29. g3 Qxe4 30. Qb5 a4 31. Rd4 Qe1+ 32. Kg2 a3 33. Ra4 h5 34. Rxa3 h4 35. Rf3 hxg3 36. Rxg3 Nh4+ 37. Kh2 Qxf2+ 0-1


[Site "https://www.chess.com"]

[Event "Titled Tuesday Blitz June 13 Early 2023"]
[White "Melikhov, Evgeny V."]
[Black "Kielinkei"]
[WhiteFideId "4122046"]
[WhiteElo "2158"]
[BlackElo "2480"]
[Result "1-0"]
[Round "9"]
[TimeControl "180+2"]
[Date "2023.06.13"]
[WhiteClock "0:00:14"]
[BlackClock "0:00:13"]
[Board "114"]

1. d4 f5 2. e4 fxe4 3. Nc3 Nf6 4. Bg5 g6 5. Bc4 Bg7 6. d5 O-O 7. Nge2 d6 8. O-O Nbd7 9. Ng3 Ne5 10. Bb3 Bf5 11. Qd2 Qd7 12. Rae1 Kh8 13. Bh6 Bxh6 14. Qxh6 Neg4 15. Qd2 e3 16. fxe3 Ne5 17. e4 Bg4 18. Qh6 Nf7 19. Qe3 Nh5 20. Nxh5 Bxh5 21. h3 g5 22. Ba4 c6 23. dxc6 bxc6 24. Bb3 h6 25. Bxf7 Rxf7 26. Rxf7 Bxf7 27. e5 Qe6 28. exd6 Qxe3+ 29. Rxe3 exd6 30. Re7 Kg7 31. Ne4 Rd8 32. Rxa7 d5 33. Nc5 Kf6 34. c3 d4 35. Rd7 Rxd7 36. Nxd7+ Ke7 37. Nc5 dxc3 38. bxc3 Bxa2 39. Kf2 Kd6 40. Nd3 Bc4 41. Nb4 c5 42. Nc2 Ke5 43. Ke3 Bb3 44. Ne1 Be6 45. Nd3+ Kd5 46. Nb2 Bf7 47. g3 Bg6 48. h4 gxh4 49. gxh4 Ke5 50. Nd3+ Kd5 51. Nf4+ Kc4 52. Nxg6 Kxc3 53. Ne5 Kb3 54. Ng4 c4 55. Kd2 Kb2 56. Ne3 c3+ 57. Kd3 h5 58. Nd1+ Kb3 59. Nxc3 Kb4 60. Kd4 Kb3 61. Ne4 Kb4 62. Nf6 Kb5 63. Nxh5 Kc6 64. Ke5 Kc5 65. Kf6 Kc4 66. Ng7 Kd5 67. h5 Ke4 68. h6 Kd4 69. h7 Kd5 70. h8=Q Ke4 71. Qe8+ Kd4 72. Qe5+ Kc4 73. Qd6 1-0


[Site "https://www.chess.com"]

[Event "Titled Tuesday Blitz June 13 Early 2023"]
[White "Papayan, Oleg"]
[Black "Bruedigam, Martin"]
[WhiteFideId "4193911"]
[BlackFideId "24608033"]
[WhiteElo "2167"]
[BlackElo "2331"]
[Result "0-1"]
[Round "9"]
[TimeControl "180+2"]
[Date "2023.06.13"]
[WhiteClock "0:00:11"]
[BlackClock "0:01:06"]
[Board "115"]

1. e4 d6 2. d4 g6 3. Nc3 Bg7 4. Be3 a6 5. a4 Nd7 6. Nf3 c5 7. d5 Ngf6 8. Be2 Qb6 9. Rb1 Ng4 10. Bd2 O-O 11. O-O Nde5 12. Nxe5 Nxe5 13. f4 Nd7 14. Be3 Qb4 15. Bf3 Nb6 16. Ne2 Qxa4 17. b3 Qb4 18. c4 Nd7 19. Kh1 Nf6 20. Bd2 Qb6 21. e5 dxe5 22. fxe5 Ng4 23. e6 Ne5 24. exf7+ Rxf7 25. Be4 Rxf1+ 26. Qxf1 Bg4 27. Nc3 Rf8 28. Qe1 Bf5 29. Na4 Qc7 30. Ba5 Qd6 31. Bb6 Ng4 32. Bxf5 Qxh2# 0-1


[Site "https://www.chess.com"]

[Event "Titled Tuesday Blitz June 13 Early 2023"]
[White "Baches Garcia, Guillermo"]
[Black "Ciuffoletti, Paolo"]
[WhiteFideId "2209764"]
[BlackFideId "807630"]
[WhiteElo "2472"]
[BlackElo "2143"]
[Result "1-0"]
[Round "9"]
[TimeControl "180+2"]
[Date "2023.06.13"]
[WhiteClock "0:00:25"]
[BlackClock "0:00:00"]
[Board "116"]

1. e4 c5 2. Nf3 Nc6 3. d4 cxd4 4. Nxd4 Nf6 5. Nc3 e5 6. Ndb5 d6 7. Nd5 Nxd5 8. exd5 Nb8 9. a4 Be7 10. Bd2 a6 11. Na3 O-O 12. a5 Bf5 13. Nc4 Nd7 14. Bb4 b5 15. axb6 Qb8 16. Ba5 Bd8 17. Ra3 Nxb6 18. Bxb6 Bxb6 19. Rb3 Bxf2+ 20. Kxf2 Qa7+ 21. Ke1 Rac8 22. Rc3 Qe7 23. Be2 Be4 24. Bf3 Bxf3 25. Qxf3 f5 26. Kd1 e4 27. Qf4 g5 28. Qxd6 Qg7 29. Rf1 Qd4+ 30. Nd2 Rxc3 31. bxc3 Qxc3 32. Qe6+ Kh8 33. Rxf5 Rxf5 34. Qxf5 h6 35. Qxe4 a5 36. Qd3 1-0


[Site "https://www.chess.com"]

[Event "Titled Tuesday Blitz June 13 Early 2023"]
[White "Chemin, Justo Reinaldo"]
[Black "LangesNasenhaar"]
[WhiteFideId "2101580"]
[WhiteElo "1940"]
[BlackElo "2465"]
[Result "0-1"]
[Round "9"]
[TimeControl "180+2"]
[Date "2023.06.13"]
[WhiteClock "0:00:00"]
[BlackClock "0:00:09"]
[Board "117"]

1. d4 g6 2. Nf3 Bg7 3. Bf4 d6 4. e3 Nd7 5. Bc4 e5 6. dxe5 dxe5 7. Bg5 Ngf6 8. Nc3 c6 9. Qd6 Qe7 10. Ne4 h6 11. Bxf6 Nxf6 12. Nxf6+ Bxf6 13. Qxe7+ Kxe7 14. O-O-O b5 15. Bb3 Bf5 16. Rhe1 Rhd8 17. e4 Bg4 18. h3 Bxf3 19. gxf3 Bg5+ 20. Kb1 Bh4 21. Rd3 Bxf2 22. Red1 Rxd3 23. Rxd3 Bd4 24. c3 Bb6 25. Kc2 f5 26. Kd1 fxe4 27. fxe4 Rf8 28. Rg3 Rf6 29. a4 a6 30. axb5 axb5 31. Bg8 Bf2 32. Rd3 Rf4 33. Bh7 Rf6 34. Bg8 Bc5 35. b4 Bd6 36. Kc2 Rf2+ 37. Kb3 Rf4 38. Bh7 Rf6 39. c4 bxc4+ 40. Kxc4 Kf7 41. b5 cxb5+ 42. Kd5 Kg7 43. Kc6 Kxh7 44. Kd7 b4 45. Kc6 g5 46. Kd5 Kg6 0-1


[Site "https://www.chess.com"]